Match 45834863
Unlisted

Match 45834863
End
Selects Special Operations Battlegroup
Selects M29 Weasel Recon Vehicle
M29 Weasel Recon Vehicle
Construct Weapon Support Center
M1919 Machine Gun Team
M1919 Machine Gun Team
Infantry Support Center
Bazooka Squad
Construct Motor Pool
Selects Raiding Flares
M8 Greyhound Armored Car
Construct Medical Station
Engineer Squad
Selects SSF Commando Squad
SSF Commando Squad
SSF Commando Squad
Improved M9 Bazooka Rockets
Construct Tank Depot
Selects P-47 Anti-Infantry Loiter
Selects UNKNOWN (2162291)
M4A1 Sherman Whizbang
P-47 Anti-Infantry Loiter
M4A1 Sherman Medium Tank
Symbiosis
K. Ronaldo
SSpro
영국좆사기
0
0

Comments sign in to comment!

No comments posted yet!